 Dungeon Crawl Stone Soup version 0.30.0-29-ga12c61a403 (webtiles) character file.

Game seed: 15752256948123479662

95 cdecastro the Grasshopper (level 4, -1/38 HPs)
             Began as an Armataur Warper on June 23, 2023.
             Was a Follower of Nemelex Xobeh.
             Slain by a gnoll
             ... wielding a +0 spear
              (3 damage)
             ... on level 4 of the Dungeon.
             The game lasted 00:05:02 (1869 turns).

cdecastro the Grasshopper (Armataur Warper)         Turns: 1869, Time: 00:05:02

Health: -1/38      AC:  4    Str: 16    XL:     4   Next: 39%
Magic:  6/6        EV:  9    Int: 15    God:    Nemelex Xobeh [*.....]
Gold:   117        SH:  0    Dex: 10    Spells: 4/6 levels left

rFire   . . .        a - +0 falchion
rCold   . . .        (no shield)
rNeg    . . .        b - +0 leather armour
rPois   .            (no helmet)
rElec   .            (no cloak)
rCorr   .            (no gloves)
SInv    .            (no barding)
Will    .....        (no amulet)
Stlth   +            (no ring)
HPRegen 0.26/turn    (no ring)
MPRegen 0.10/turn

%: roll
@: no status effects
A: large, rugged brown scales 3, deformed body, armoured tail, roll, long
tongue, awkward tongue
a: Renounce Religion, Draw Escape, Draw Destruction, Draw Summoning


You were on level 4 of the Dungeon.
You worshipped Nemelex Xobeh.
Nemelex Xobeh was aware of your devotion.
You visited 1 branch of the dungeon, and saw 3 of its levels.

You collected 117 gold pieces.

Inventory:

Hand Weapons
 a - a +0 falchion (weapon)
Missiles
 d - 7 boomerangs of dispersal (quivered)
Armour
 b - a +0 leather armour (worn)
Jewellery
 p - a ring of willpower
Scrolls
 c - 2 scrolls of blinking
 e - a scroll of enchant armour {unknown}
 f - 3 scrolls of identify {unknown}
 h - a scroll of fog {unknown}
 i - a scroll of teleportation {unknown}
 l - 2 scrolls of noise {unknown}
 n - a scroll of fear {unknown}
Potions
 j - 3 potions of curing {unknown}
 k - a potion of berserk rage {unknown}
 m - a potion of ambrosia {unknown}
 o - 2 potions of haste {unknown}


   Skills:
 - Level 1.7 Fighting
 + Level 3.2 Long Blades
 - Level 0.8 Throwing
 - Level 1.2 Armour
 - Level 1.3 Dodging
 - Level 1.7 Spellcasting
 + Level 4.2 Translocations


You had 4 spell levels left.
You knew the following spells:

 Your Spells              Type           Power      Damage    Failure   Level
a - Blink                 Tloc           28%        N/A       8%          2

Your spell library contained the following spells:

 Spells                   Type           Power      Damage    Failure   Level
 Lesser Beckoning         Tloc           28%        N/A       8%          2
 Teleport Other           Tloc           14%        N/A       14%         3
 Vhi's Electric Charge    Tloc/Air       14%        N/A       34%         3
 Manifold Assault         Tloc           14%        N/A       43%         4
 Ozocubu's Armour         Ice            1%         N/A       63%         3
 Metabolic Englaciation   Hex/Ice        0%         N/A       100%        5
 Simulacrum               Ice/Necr       0%         N/A       100%        6


Dungeon Overview and Level Annotations

Branches:
Dungeon (2/15)

Altars:
Nemelex Xobeh


Innate Abilities, Weirdness & Mutations

You are completely covered in rugged brown scales. (AC +3, +7% HP)
Armour fits poorly on your strangely shaped body.
You have a long armoured tail.
You roll when moving toward enemies. (Rampage)
Your long tongue fully drains potion bottles. (2x potion effects)
Your tongue gives you trouble enunciating. (1.5x scroll delay)


Message History

Unknown command.
Throw: dart (poison)
Press: ? - help, Q - select action, (/) - cycle Shift-Dir - straight line, f/p - gnoll
Aim: a gnoll, wielding a +0 flail (poisoned, 58% to hit)
You throw a poisoned dart. The poisoned dart hits the gnoll.
Unknown command.
You roll towards the gnoll!
The gnoll hits you with a +0 flail.
You hit the gnoll.
The gnoll is heavily wounded.
The gnoll hits you but does no damage.
A gnoll comes into view. It is wielding a +4 halberd.
The gnoll closely misses you.
You closely miss the gnoll.
Your tail-slap misses the gnoll.
The gnoll is heavily wounded.
The gnoll barely misses you. x2
You hit the gnoll but do no damage.
The gnoll is heavily wounded.
The gnoll closely misses you. The gnoll hits you with a +0 flail!
The gnoll hits you with a +0 flail.
The gnoll hits you from afar with a +0 spear.
* * * LOW HITPOINT WARNING * * *
You hit the gnoll.
The gnoll is severely wounded.
The gnoll completely misses you. The gnoll hits you with a +0 flail.
* * * LOW HITPOINT WARNING * * *
The gnoll looks more healthy.
Items here: ))) [[ ††.
The gnoll attacks as you move away! The gnoll barely misses you.
The gnoll attacks as you move away! The gnoll hits you with a +0 flail!
* * * LOW HITPOINT WARNING * * *
The gnoll attacks as you move away! The gnoll completely misses you.
You closely miss the gnoll.
The gnoll is severely wounded.
The gnoll hits you with a +0 flail!
* * * LOW HITPOINT WARNING * * *
You hit the gnoll.
The gnoll is severely wounded.
The gnoll hits you from afar with a +0 spear.
You die...
Your body disappears without a glow.

..#.# .#.## ... #.#
#.# #.# #.# #.# #@#
.##+ #g# ..#.## #g#
.....# #.# .. #># #g#
.. #.# #.# '# #.# #.#
.###.# #.#
.....###########.####


You could see 3 gnolls.

Vanquished Creatures
  4 adders (D:2)
  A worm (D:2)
  4 orcs (D:4)
  A bat (D:1)
  5 endoplasms
  2 goblins
  5 hobgoblins
  6 jackals (D:1)
  5 quokkas
  A ball python (D:1)
  2 frilled lizards
  6 kobolds
  6 rats
48 creatures vanquished.

Vanquished Creatures (others)
  A jackal (D:1)
1 creature vanquished.

Grand Total: 49 creatures vanquished

Notes
Turn   | Place    | Note
-------+----------+-------------------------------------------
     0 | D:1      | cdecastro the Armataur Warper began the quest for the Orb.
     0 | D:1      | Reached XP level 1. HP: 18/18 MP: 3/3
    52 | D:1      | Reached XP level 2. HP: 20/25 MP: 4/4
   655 | D:1      | Reached XP level 3. HP: 31/31 MP: 5/5
   658 | D:1      | Learned a level 2 spell: Blink
  1189 | D:2      | HP: 1/31 [adder (1)]
  1191 | D:2      | Reached skill level 4 in Translocations
  1347 | D:2      | Reached XP level 4. HP: 38/38 MP: 6/6
  1589 | D:2      | Found a faded altar of an unknown god.
  1608 | D:2      | Prayed at the altar of an unknown god.
  1608 | D:2      | Became a worshipper of Nemelex Xobeh the Trickster
  1608 | D:2      | Reached * piety under Nemelex Xobeh
  1718 | D:2      | You fall into a shaft and drop 2 floors!
  1869 | D:4      | Slain by a gnoll

Illustrated notes

Levels and vault maps discovered:
D:1:      shiori_arrival_oz, layout_basic
D:2:      layout_rooms, dreamdust_ecumenical_altar_hidden_monk_grotto,
          minmay_increasing_density
D:4:      layout_basic, lemuel_coloured_pillars_altar, tso_oasis_becter

Skill      XL: |  1  2  3 |
---------------+----------+-----
Long Blades    | 2 3 |  3.2
Translocations | 4 |  4.2
Fighting       | |  1.7
Throwing       | |  0.8
Armour         | |  1.2
Dodging        | |  1.3
Spellcasting   | |  1.7

Action                     |  1- 3 |  4- 6 || total
---------------------------+-------+-------++-------
  Melee: Falchion          |   147 |    45 ||   192
         Tailslap          |    19 |     1 ||    20
         Punch             |       |     1 ||     1
  Throw: Dart              |     2 |     9 ||    11
 Armour: Leather armour    |    66 |     9 ||    75
  Dodge: Dodged            |    79 |    26 ||   105
